 Dungeon Crawl Stone Soup version 0.31-a0-175-g9f7f995f2b (webtiles) character file.

Game seed: 7661172415709621334

997 innerfire43 the Cutter (level 7, 0/55 HPs)
             Began as a Demonspawn Monk on June 16, 2023.
             Was an Elder of Qazlal.
             Killed by divine providence
             ... invoked by an orc priest
              (11 damage)
             ... on level 6 of the Dungeon.
             The game lasted 00:07:21 (4144 turns).

innerfire43 the Cutter (Demonspawn Monk)            Turns: 4144, Time: 00:07:23

Health: 0/55       AC:  9    Str: 13    XL:     7   Next: 99%
Magic:  7/7        EV: 14    Int: 11    God:    Qazlal [****..]
Gold:   206        SH:  9    Dex: 22    Spells: 6/6 levels left

rFire   + . .        o - +2 dagger (drain)
rCold   . . .        c - orb {light}
rNeg    . . .        p - +3 leather armour
rPois   .            (helmet restricted)
rElec   .            E - +2 cloak
rCorr   .            (no gloves)
SInv    .            (no boots)
Will    .....        (no amulet)
Stlth   +            v - +6 ring of dexterity
HPRegen 0.29/turn    y - ring of protection from fire
MPRegen 0.10/turn

%: repel missiles
@: lethally poisoned (0 -> -6), glowing
A: antennae 2, large bone plates 1, ignite blood 1
a: Renounce Religion, Upheaval, Elemental Force


You were on level 6 of the Dungeon.
You worshipped Qazlal.
Qazlal was greatly pleased with you.
You visited 1 branch of the dungeon, and saw 6 of its levels.

You collected 278 gold pieces.
You spent 72 gold pieces at shops.

Inventory:

Hand Weapons
 k - a +0 morningstar
 m - a +0 dagger
 o - a +2 dagger of draining (weapon)
Armour
 a - a +0 robe
 c - an orb of light (worn)
 e - a +0 ring mail
 p - a +3 leather armour (worn)
 w - a +0 helmet
 E - a +2 cloak (worn)
Jewellery
 v - a +6 ring of dexterity (left hand)
 y - a ring of protection from fire (right hand)
 A - a ring of willpower
 C - a ring of protection from fire
Wands
 t - a wand of mindburst (8)
 x - a wand of flame (20)
Scrolls
 g - 6 scrolls of teleportation {unknown}
 h - 3 scrolls of noise {unknown}
 i - a scroll of identify
 j - 2 scrolls of revelation {unknown}
 n - a scroll of vulnerability {unknown}
 q - 2 scrolls of blinking {unknown}
 r - a scroll of immolation {unknown}
 u - 2 scrolls of amnesia {unknown}
 D - a scroll of silence {unknown}
Potions
 d - 2 potions of curing {unknown}
 f - 2 potions of enlightenment {unknown}
 l - 2 potions of lignification {unknown}
 s - a potion of might {unknown}
 z - a potion of resistance {unknown}
 B - a potion of haste {unknown}


   Skills:
 - Level 4.5 Fighting
 + Level 6.0 Short Blades
 - Level 0.8 Maces & Flails
 - Level 0.9 Armour
 * Level 3.6 Dodging
 + Level 3.2 Shields
 - Level 2.7 Unarmed Combat


You had 6 spell levels left.
You didn't know any spells.
Your spell library contained the following spells:

 Spells                   Type           Power      Damage    Failure   Level
 Necrotise                Necr           0%         1d4       41%         1
 Summon Small Mammal      Summ           0%         N/A       41%         1
 Cigotuvi's Dreadful Rot  Necr/Pois/Air  0%         N/A       56%         2
 Call Canine Familiar     Summ           0%         N/A       80%         3
 Ignite Poison            Fire/Tmut/Pois 0%         N/A       80%         3
 Summon Guardian Golem    Hex/Summ       0%         N/A       80%         3
 Vampiric Draining        Necr           0%         2d6       80%         3
 Agony                    Necr           0%         N/A       100%        5
 Freezing Cloud           Conj/Ice/Air   0%         6-21      100%        5


Dungeon Overview and Level Annotations

Branches:
Dungeon (6/15)
 Temple: D:4-7

Altars:
Ashenzari
Gozag
Qazlal
Ru

Shops:
D:2 ??!(   D:3 (


Innate Abilities, Weirdness & Mutations

You have a pair of antennae on your head.
You are partially covered in large bone plates. (SH +4)
Your demonic aura sometimes causes spilled blood to erupt in flames.


Message History

The orc wizard hits you with a +0 dagger of venom.
* * * LOW HITPOINT WARNING * * *
You are lethally poisoned!
You bump into the rock wall.
You feel very sick.
The orc wizard hits you but does no damage.
You are lethally poisoned!
* * * LOW HITPOINT WARNING * * *
You feel very sick.
You hit the orc wizard. You drain the orc wizard.
The orc wizard is moderately wounded.
You feel less invigorated.
You feel less confused.
You feel sick.
The orc wizard gestures wildly while chanting.
The orc wizard flickers and vanishes!
Deactivating autopickup; reactivate with Ctrl-A.
The orc wizard misses you.
The orc priest looks satisfied for a moment.
You hit the orc wizard. You drain the orc wizard.
The orc wizard is heavily wounded.
You feel very sick. You block the orc wizard's attack.
You barely miss the orc wizard.
The orc wizard is heavily wounded.
You feel sick.
You hit the orc wizard but do no damage.
You drain the orc wizard.
The orc wizard is almost dead.
You feel sick.
The orc wizard mumbles some strange words.
The orc wizard flickers and vanishes for a moment.
You hit the orc wizard.
You kill the orc wizard!
Qazlal accepts your kill.
Reactivating autopickup.
You feel sick.
The orc priest mumbles some strange prayers to Beogh against you.
Beogh smites you!
You die...

.>... . ..
#.#.# .# (
#.##.#.##.##...
#..............
#.(oo.....#
###o##.#### #o#
# #☼# #@# #.#
##.## #<#.#
#####


You could see an orc priest, an orc wizard (invisible) and 2 orcs.

Vanquished Creatures
  3 water moccasins
  An ogre (D:5)
  A centaur (D:5)
  2 scorpions (D:5)
  A hound (D:4)
  A jelly (D:5)
  3 iguanas (D:5)
  2 sleepcaps
  2 orc wizards
  Robin (D:4)
  3 adders
  3 white imps (D:5)
  2 worms
  2 dart slugs (D:1)
  16 orcs
  A bat (D:1)
  4 endoplasms
  4 giant cockroaches
  16 hobgoblins
  2 jackals (D:3)
  11 kobolds
  5 quokkas
  7 ball pythons
  4 frilled lizards
  19 goblins
  4 rats
120 creatures vanquished.

Notes
Turn   | Place    | Note
-------+----------+-------------------------------------------
     0 | D:1      | innerfire43 the Demonspawn Monk began the quest for the
                  | Orb.
     0 | D:1      | Reached XP level 1. HP: 18/18 MP: 1/1
   246 | D:1      | Gained mutation: You are partially covered in large bone
                  | plates. (SH +4) [demonic ancestry]
   246 | D:1      | Reached XP level 2. HP: 24/24 MP: 2/2
   581 | D:1      | Reached XP level 3. HP: 25/29 MP: 3/3
  1067 | D:2      | Found Wedoer's Distillery.
  1161 | D:2      | Found Nauly's Antique Weapon Emporium.
  1165 | D:2      | Bought a morningstar for 72 gold pieces
  1265 | D:2      | Found Wifimure's Magic Scroll Boutique.
  1326 | D:2      | Found Deeti's Magic Scroll Emporium.
  1332 | D:2      | You fall into a shaft and drop 1 floor!
  1748 | D:2      | Gained mutation: Your demonic aura sometimes causes spilled
                  | blood to erupt in flames. [demonic ancestry]
  1748 | D:2      | Reached XP level 4. HP: 36/37 MP: 4/4
  2009 | D:3      | Reached skill level 1 in Short Blades
  2009 | D:3      | Reached skill level 1 in Shields
  2062 | D:3      | Found a faded altar of an unknown god.
  2075 | D:3      | Prayed at the altar of an unknown god.
  2075 | D:3      | Became a worshipper of Qazlal Stormbringer
  2075 | D:3      | Reached * piety under Qazlal
  2075 | D:3      | Reached ** piety under Qazlal
  2239 | D:3      | Reached *** piety under Qazlal
  2246 | D:3      | Found a broken altar of Ashenzari.
  2326 | D:3      | Found Veuxzus's Antique Weapon Shoppe.
  2732 | D:4      | Gained mutation: You have a pair of small antennae on your
                  | head. [demonic ancestry]
  2732 | D:4      | Reached XP level 5. HP: 42/42 MP: 5/5
  2738 | D:4      | Noticed Robin
  2747 | D:4      | Killed Robin
  2748 | D:4      | Reached skill level 2 in Short Blades
  3234 | D:5      | Entered Level 5 of the Dungeon
  3290 | D:5      | Noticed a centaur
  3295 | D:5      | Killed a centaur
  3296 | D:5      | Reached skill level 3 in Short Blades
  3296 | D:5      | Gained mutation: You have a pair of antennae on your head.
                  | [demonic ancestry]
  3296 | D:5      | Reached XP level 6. HP: 48/48 MP: 6/6
  3493 | D:5      | Noticed a water moccasin
  3499 | D:5      | Reached skill level 4 in Short Blades
  3509 | D:5      | Killed a water moccasin
  3510 | D:5      | Reached XP level 7. HP: 29/55 MP: 7/7
  3600 | D:5      | Found a sacrificial altar of Ru.
  3625 | D:5      | Reached **** piety under Qazlal
  3638 | D:5      | Found an opulent altar of Gozag.
  3661 | D:5      | Reached skill level 5 in Short Blades
  4134 | D:6      | Reached skill level 6 in Short Blades
  4144 | D:6      | Killed from afar by an orc priest

Illustrated notes

Levels and vault maps discovered:
D:1:      lemuel_arrival_hallway, layout_loops_ring, hangedman_decor_push,
          minivault_26
D:2:      layout_basic, serial_shops, shop, nicolae_shop_back_alley_shop, shop,
          shop, corexii_hall_statues_i, st_stairs_13
D:3:      layout_loops_ring, ashenzari_conservatory_becter, serial_shops, shop,
          chequers_ecumenical_altar_simple_redux, serial_bayou_ford_a
D:4:      nicolae_BIG_FREAKIN_CUBE, layout_rooms, uniq_robin
D:5:      layout_basic, mainiacjoe_overflow_small_starburst,
          mainiacjoe_overflow_catwalk
D:6:      layout_loops_ring, grunt_dithmenos_smoke_and_mirrors, temple_hall,
          serial_shops, shop

Skill      XL: |  1  2  3  4  5  6  7 |
---------------+----------------------+-----
Dodging        | 3 |  3.6
Short Blades   | 1 3 4 6 |  6.0
Shields        | 1 2 3 |  3.2
Fighting       | 4 |  4.5
Maces & Flails | |  0.8
Armour         | |  0.9
Unarmed Combat | |  2.7

Action                     |  1- 3 |  4- 6 |  7- 9 || total
---------------------------+-------+-------+-------++-------
  Melee: Unarmed           |   131 |       |       ||   131
         Morningstar       |    21 |       |       ||    21
         Dagger            |     4 |   157 |    57 ||   218
    Use: Scroll            |     1 |       |       ||     1
         Potion            |       |       |     1 ||     1
 Armour: Ring mail         |    44 |     1 |       ||    45
         Robe              |     1 |       |       ||     1
         Leather armour    |       |    38 |     8 ||    46
  Dodge: Dodged            |    75 |    81 |    24 ||   180
  Block: Orb               |    31 |    47 |    20 ||    98

Table legend: (Time is in decaauts)
 A = Elapsed time spent in this place.
 B = Non-inter-level travel time spent in this place.
 C = Inter-level travel time spent in this place.
 D = Time resting spent in this place.
 E = Time spent auto-exploring this place.
 F = Levels seen in this place.
 G = Mean time per level.
                   A        B        C        D        E       F      G
               +--------+--------+--------+--------+--------+-----+--------+
         Total |   4129 |   3980 |    149 |      0 |   3283 |   6 |  688.2 |
       Dungeon |   4129 |   3980 |    149 |      0 |   3283 |   6 |  688.2 |
               +--------+--------+--------+--------+--------+-----+--------+

Top non-repeatable levels by time:
     D:1: 1059 daAuts
     D:3: 882 daAuts
     D:5: 854 daAuts
     D:2: 794 daAuts
     D:4: 506 daAuts
     D:6: 31 daAuts
